cohdb
Replays
Latest Replays
All Replays
Popular Replays
Top Player Replays
Match Explorer
How It Works
Community
CoH3 Stats
Reddit
Sign in to upload your games and track your stats! →
Sign in with Steam
Match 44711466
Unlisted
Match 44711466
Overview
Messages
Build Orders
End
Construct Infanterie Kompanie
MG 42 Machine Gun Team
Grenadier Squad
Kettenkrad Recon Vehicle
Grenadier Squad
Construct Luftwaffe Kompanie
Jäger Squad
Jäger Squad
Support Elements
Forward Retreat Point
Medical Bunker
Wirbelwind Flakpanzer
Selects Breakthrough Battlegroup
Selects Rapid Production
Jäger Squad
Kettenkrad Recon Vehicle
Construct Panzer Kompanie
Forward Retreat Point
Selects Blitzkrieg
Panzer IV Medium Tank
Pioneer Squad
Selects Tiger Heavy Tank
Selects Assault Grenadiers
Jäger Squad
Tiger Heavy Tank
Sturmpanzer IV Brummbär
Forward Retreat Point
Selects Smoke Bombing Run
Selects Incendiary Bombing Run
Incendiary Bombing Run
Ranger1408
sergio
Microsoft Outlook
deadsadbadmad
0
0
Comments
sign in to comment!
No comments posted yet!